 Dungeon Crawl Stone Soup version 0.28.0-43-g3370ac3207 (webtiles) character file.

Game seed: 11532500298726099233

7 Haiku the Caller (level 1, 0/7 HPs)
             Began as a Felid Summoner on Mar 7, 2022.
             Slain by a ball python (3 damage)
             ... on level 1 of the Dungeon.
             The game lasted 00:02:55 (531 turns).

Haiku the Caller (Felid Summoner)                    Turns: 531, Time: 00:02:55

Health: 0/7        AC:  1    Str:  4    XL:     1   Next: 91%
Magic:  3/4        EV: 17    Int: 16    God:
Gold:   26         SH:  0    Dex: 16    Spells: 3/4 levels left
                                        Lives:  0   Deaths: 0

rFire   . . .      SeeInvis +   (weapon unavailable)
rCold   . . .      Faith    .   (shield unavailable)
rNeg    . . .      Spirit   .   (armour unavailable)
rPois   .          Reflect  .   (helmet unavailable)
rElec   .          Harm     .   (cloak unavailable)
rCorr   .          Rampage  .   (gloves unavailable)
Will    .....                   (boots unavailable)
Stlth   ++........              (no amulet)
HPRegen 0.02/turn               (no ring)
MPRegen 0.09/turn               (no ring)

@: quick
A: very small, claws 1, fangs 3, see invisible, speed 1, shaggy fur 1, stealthy
paws, no weapons or thrown items, no armour, multi-lived
a: no special abilities


You were on level 1 of the Dungeon.
You visited 1 branch of the dungeon, and saw 2 of its levels.

You collected 26 gold pieces.

Inventory:

Jewellery
 b - a ring of flight
Potions
 a - a potion of magic {unknown}


   Skills:
 * Level 0.2 Fighting
 * Level 2.8 Dodging
 * Level 2.8 Stealth
 * Level 0.2 Unarmed Combat
 * Level 2.0 Spellcasting
 * Level 4.2 Summonings


You had 3 spell levels left.
You knew the following spells:

 Your Spells              Type           Power      Damage    Failure   Level
a - Summon Small Mammal   Summ           60%        N/A       3%          1

Your spell library contained the following spells:

 Spells                   Type           Power      Damage    Failure   Level
 Call Imp                 Summ           15%        N/A       5%          2
 Call Canine Familiar     Summ           15%        N/A       11%         3
 Summon Guardian Golem    Hex/Summ       8%         N/A       26%         3
 Summon Lightning Spire   Summ/Air       8%         N/A       65%         4


Dungeon Overview and Level Annotations

Branches:
Dungeon (2/15)

Altars:


Innate Abilities, Weirdness & Mutations

You have sharp claws.
You have razor-sharp teeth.
You have supernaturally acute eyesight. (SInv)
You cover ground quickly. (Speed+)
You are covered in fur. (AC +1)
Your paws help you pounce on unaware monsters.
You are incapable of wielding weapons or throwing items.
You cannot wear armour.
You gain extra lives every three experience levels.


Message History

Your quokka bites the dart slug.
Your rat bites the dart slug.
The dart slug dies!
You see here a dart slug corpse.
Magic restored.
Your quokka disappears in a puff of smoke!
Your rat disappears in a puff of smoke!
Found a stone staircase leading down.
A bat comes into view.
The helpless bat fails to defend itself.
You scratch the bat.
You kill the bat!
You see here a bat corpse.
A goblin comes into view. It is wielding a +0 dagger.
Found 18 gold pieces.
Found a scroll labelled NOROCEQEA and 4 boomerangs.
A ball python comes into view.
Found a robe.
You see here 11 gold pieces.
You now have 26 gold pieces (gained 11).
Casting: Summon Small Mammal (safe; 3% risk of failure)
Press: ? - help, Q - select action Dir - look around, f - activate The ball python bites you.
The ball python grabs you. The ball python constricts you.
You escape the ball python's grasp.
You swap places.
Your rat barely misses the ball python.
The ball python barely misses your rat. The ball python grabs your rat.
The ball python constricts your rat.
Your rat bites the ball python.
The ball python barely misses your rat. The ball python constricts your rat.
Your rat bites the ball python.
The ball python bites your rat.
Your rat dies!
Your rat's corpse disappears in a puff of smoke!
You closely miss the ball python.
The ball python is heavily wounded.
The ball python closely misses you. The ball python completely misses you.
You barely miss the ball python.
The ball python is moderately wounded.
The ball python bites you. The ball python closely misses you.
The ball python bites you.
You die...

#.# # #.# #.. #.# ...
##.# #.# ##... # ...# .
#.#####.... #...#
#.@S.......
####...##.#####..####[.#.
................## .#
#...##.#####.# .#
#...##.#####.# .#
#...##.......# ##
#...########.#####..
####.......†.....☼§.g$?
......>########..§○...(


You could see a ball python.

Vanquished Creatures
  2 bats (D:1)
  A hobgoblin (D:1)
3 creatures vanquished.

Vanquished Creatures (collateral kills)
  A dart slug (D:1)
  A ball python (D:1)
2 creatures vanquished.

Grand Total: 5 creatures vanquished

Notes
Turn   | Place    | Note
-------+----------+-------------------------------------------
     0 | D:1      | Haiku the Felid Summoner began the quest for the Orb.
     0 | D:1      | Reached XP level 1. HP: 7/7 MP: 4/4
   531 | D:1      | Slain by a ball python

Illustrated notes

Levels and vault maps discovered:
D:1:      lightli_arrival_maybe_door_vault, layout_loops_ring,
          lemuel_flame_loot_1
D:2:      minmay_skewed_foursquare, layout_rooms, uniq_jessica

Action                   || total
-------------------------++-------
Melee: Unarmed           ||    11
 Cast: Summon Small Mamm ||     7
  Use: Scroll            ||     1
 Stab: Sleeping          ||     1
Armor: Skin              ||     2
Dodge: Dodged            ||    16
